 Dungeon Crawl Stone Soup version 0.31-a0-426-g3a05650e59 (webtiles) character file.

Game seed: 14900439401398004996

240 mopl the Ruffian (level 6, 0/41 HPs)
             Began as an Octopode Shapeshifter on July 30, 2023.
             Slain by a gnoll
             ... wielding a +0 halberd
              (8 damage)
             ... on level 2 of the Dungeon.
             The game lasted 00:01:13 (846 turns).

mopl the Ruffian (Octopode Shapeshifter)             Turns: 846, Time: 00:01:14

Health: 0/41       AC:  1    Str: 15    XL:     6   Next: 8%
Magic:  6/6        EV: 14    Int: 10    God:
Gold:   115        SH:  0    Dex: 14    Spells: 5/5 levels left

rFire   . .          .
                       - Unarmed
rCold   . . .        h - orb {*Rage}
rNeg    . . .        (helmet currently unavailable)
rPois   .            (no amulet)
rElec   .            (no ring)
rCorr   .            (no ring)
SInv    .            (no ring)
Will    .....        (no ring)
Stlth   ++           (no ring)
HPRegen 0.26/turn    (no ring)
MPRegen 0.10/turn    (no ring)
                     (no ring)

%: random rage (20%)
@: beast-form
A: beast (slay +2), almost no armour, amphibious, 8 rings, camouflage 1,
gelatinous body 1, (nimble swimmer 1), tentacles
a: Begin Untransformation


You were on level 2 of the Dungeon.
You were a hulking beast.
You visited 1 branch of the dungeon, and saw 2 of its levels.

You collected 115 gold pieces.

Inventory:

Armour
 h - an orb of wrath (worn)
 i - a +0 buckler
Talismans
 b - a beast talisman (active)
Scrolls
 d - a scroll of enchant armour {unknown}
 e - a scroll of revelation {unknown}
 g - a scroll of identify {unknown}
 j - a scroll of vulnerability {unknown}
Potions
 a - a potion of lignification {!q}
 c - a potion of attraction {unknown}
 f - a potion of resistance {unknown}


   Skills:
 + Level 2.4 Fighting
 + Level 3.0 Dodging
 * Level 4.5 Unarmed Combat
 * Level 4.1 Shapeshifting


You had 5 spell levels left.
You didn't know any spells.
Your spell library was empty.

Dungeon Overview and Level Annotations

Branches:
Dungeon (2/15)

Altars:
Ru


Innate Abilities, Weirdness & Mutations

You are a hulking beast.
Your limbs bulge with bestial killing power. (Slay +2)
You cannot wear most types of armour.
You are amphibious.
You can wear up to eight rings at the same time.
Your skin changes colour to match your surroundings (Stealth+).
Your rubbery body absorbs attacks. (AC +1, EV +1)
((You are camouflaged when in or above water. (Stealth+)))
You have tentacles for arms and can constrict up to eight enemies at once.


Message History

Natasha hisses angrily.
Natasha casts a spell at you. The magic dart hits you.
You recover from your berserk rage.
Natasha barely misses you.
You tentacle-slap Natasha. You grab Natasha.
Natasha is moderately wounded.
You constrict Natasha. Natasha barely misses you.
You tentacle-slap Natasha. You squeeze Natasha.
You kill Natasha!
Natasha screams in pain as she dies!
Your Dodging skill increases to level 3!
You have reached level 6!
A frilled lizard comes into view.
You see here 5 gold pieces.
A frilled lizard is nearby!
You tentacle-slap the frilled lizard.
You kill the frilled lizard!
No target in view!
You now have 115 gold pieces (gained 5).
j - a scroll labelled FEITUH MISIAL
Found a stone staircase leading down.
A gnoll and a bat come into view.
The gnoll shouts!
You hear a shout!
A gnoll comes into view. It is wielding a +0 spear.
A gnoll comes into view. It is wielding a +0 halberd.
Unknown command.
The gnoll misses you.
The gnoll hits you from afar with a +0 spear!
You closely miss the gnoll. Your grab misses the gnoll.
The gnoll hits you with a +0 halberd! The gnoll misses you.
You barely miss the gnoll. You grab the gnoll. You constrict the gnoll.
The gnoll hits you with a +0 halberd!
* * * LOW HITPOINT WARNING * * *
The gnoll hits you from afar with a +0 spear.
* * * LOW HITPOINT WARNING * * *
You tentacle-slap the gnoll.
The gnoll is heavily wounded.
You constrict the gnoll. The gnoll hits you with a +0 halberd!
You die...

#.# #.# #.#
#........g.
#.###.###.#
#..........
.......##.#
#....g.g...
..###.....#
#.......... ###
#.##### #..g.......
#.# ##.####..## #.#
#.# #.#
##############.# #.#
#......hgg.....#
#.####.##############
# #......# # ########
# # # #


You could see 2 gnolls.

Vanquished Creatures
  Sigmund (D:2)
  Natasha (twice) (D:2)
  An adder (D:2)
  2 endoplasms (D:2)
  2 giant cockroaches (D:1)
  4 hobgoblins
  2 ball pythons (D:1)
  2 frilled lizards
  2 goblins (D:2)
  A kobold (D:1)
  3 rats
22 creatures vanquished.

Notes
Turn   | Place    | Note
-------+----------+-------------------------------------------
     0 | D:1      | mopl the Octopode Shapeshifter began the quest for the Orb.
     0 | D:1      | Reached XP level 1. HP: 13/13 MP: 1/1
   231 | D:1      | Reached XP level 2. HP: 16/18 MP: 2/2
   522 | D:2      | Noticed Sigmund
   533 | D:2      | Killed Sigmund
   534 | D:2      | Reached skill level 2 in Fighting
   534 | D:2      | Reached skill level 4 in Unarmed Combat
   534 | D:2      | Reached XP level 3. HP: 24/24 MP: 3/3
   534 | D:2      | Reached XP level 4. HP: 29/29 MP: 4/4
   534 | D:2      | Reached XP level 5. HP: 34/34 MP: 5/5
   546 | D:2      | Noticed Natasha
   553 | D:2      | Killed Natasha
   577 | D:2      | Reached skill level 4 in Shapeshifting
   634 | D:2      | Found a sacrificial altar of Ru.
   742 | D:2      | Noticed Natasha
   747 | D:2      | Killed Natasha
   748 | D:2      | Reached skill level 3 in Dodging
   748 | D:2      | Reached XP level 6. HP: 35/41 MP: 6/6
   846 | D:2      | Slain by a gnoll

Illustrated notes

Levels and vault maps discovered:
D:1:      dpeg_arrival_tiny_h, layout_loops_ring, ebering_dispersal_statue_hall
D:2:      layout_loops_ring, basic_altar, uniq_sigmund, uniq_natasha

Skill      XL: |  1  2  3  4  5 |
---------------+----------------+-----
Fighting       | 2 |  2.4
Unarmed Combat | 4 |  4.5
Shapeshifting  | 4 |  4.1
Dodging        | 3 |  3.0

Action                     |  1- 3 |  4- 6 || total
---------------------------+-------+-------++-------
  Melee: Unarmed           |    21 |    20 ||    41
         Constrict         |     5 |     5 ||    10
         Tentacles         |     3 |     4 ||     7
         Punch             |     1 |       ||     1
   Stab: Sleeping          |     3 |     3 ||     6
 Armour: Skin              |       |     1 ||     1
  Dodge: Dodged            |     8 |     8 ||    16

Table legend: (Time is in decaauts)
 A = Elapsed time spent in this place.
 B = Non-inter-level travel time spent in this place.
 C = Inter-level travel time spent in this place.
 D = Time resting spent in this place.
 E = Time spent auto-exploring this place.
 F = Levels seen in this place.
 G = Mean time per level.
                   A        B        C        D        E       F      G
               +--------+--------+--------+--------+--------+-----+--------+
         Total |    862 |    846 |     16 |      0 |    663 |   2 |  431.0 |
       Dungeon |    862 |    846 |     16 |      0 |    663 |   2 |  431.0 |
               +--------+--------+--------+--------+--------+-----+--------+

Top non-repeatable levels by time:
     D:1: 505 daAuts
     D:2: 356 daAuts
